 Dungeon Crawl Stone Soup version 0.21.0 (webtiles) character file.

23582 XomBae the Grappler (level 12, -27/126 HPs)
             Began as a Troll Monk on Jan 6, 2018.
             Was a High Priest of Okawaru.
             Killed from afar by a lindwurm (37 damage)
             ... with a blast of flame
             ... summoned by Kirke
             ... on level 4 of the Lair of Beasts.
             The game lasted 00:17:06 (12183 turns).

XomBae the Grappler (Troll Monk)                   Turns: 12183, Time: 00:17:07

Health: -27/126    AC:  0    Str: 26    XL:     12   Next: 73%
Magic:  0/15       EV: 18    Int:  6    God:    Okawaru [*****.]
Gold:   495        SH:  0    Dex: 12    Spells: 11/11 levels left

rFire    . . .     SeeInvis .     - Unarmed
rCold    . . .     Gourm    +   (shield currently unavailable)
rNeg     . . .     Faith    .   (armour currently unavailable)
rPois    .         Spirit   +   (helmet currently unavailable)
rElec    .         Reflect  .   (cloak currently unavailable)
rCorr    .         Harm     .   (gloves unavailable)
MR       .....                  (boots unavailable)
Stlth    +++.......             F - amulet of guardian spirit
HPRegen  0.71/turn              (ring currently unavailable)
MPRegen  0.14/turn              (ring currently unavailable)

@: pig-form, heroism, barbed spikes, slowed
A: small, unfitting armour, fast metabolism 3, gourmand, regeneration 1
a: Heroism, Finesse, Renounce Religion


You were on level 4 of the Lair of Beasts.
You worshipped Okawaru.
Okawaru was extremely pleased with you.
You were not hungry.
You were a filthy swine.
You visited 2 branches of the dungeon, and saw 14 of its levels.

You collected 642 gold pieces.
You spent 147 gold pieces at shops.

Inventory:

Hand Weapons
 t - the +8 hunting sling of Defence {venom, rElec rF- rC+++ Dex-3}
   (You found it on level 5 of the Dungeon)

   It poisons the ammo it fires.
   It affects your dexterity (-3).
   It makes you vulnerable to fire.
   It renders you almost immune to cold.
   It insulates you from electricity.
 D - a +1 scimitar of flaming
Missiles
 o - 3 throwing nets (quivered)
 w - 109 sling bullets
Armour
 a - a +0 robe
 v - a +2 cloak (melded)
 A - a +0 large shield
 C - a +0 shield (melded)
 O - a +2 robe of the Archmagi (melded)
Jewellery
 d - an uncursed amulet of harm
 k - an uncursed ring of teleportation
 n - a +3 ring of intelligence
 y - a ring of poison resistance (melded)
 F - an amulet of guardian spirit (around neck)
 J - a +2 ring of strength (melded)
Wands
 e - a wand of disintegration (14)
 B - a wand of enslavement (17)
 G - a wand of polymorph (11)
 H - a wand of flame (31)
 M - a wand of acid (7)
 N - a wand of iceblast (6)
 P - a wand of random effects (25)
Scrolls
 c - 8 scrolls of enchant armour
 f - 6 scrolls of remove curse
 p - a scroll of enchant weapon
 q - 7 scrolls of teleportation
 I - 3 scrolls of amnesia
 L - a scroll of torment
Potions
 g - a potion of magic
 i - 2 potions of mutation
 j - 3 potions of brilliance
 r - 2 potions of ambrosia
 s - 3 potions of curing
 u - 2 potions of degeneration
 z - 2 potions of flight
 E - a potion of resistance
 Q - a potion of agility
Comestibles
 b - 31 rations


   Skills:
 + Level 10.0(15.0) Fighting
 - Level 2.4(7.4) Dodging
 - Level 1.0(6.0) Stealth
 + Level 6.8(11.8) Shields
 + Level 14.4(19.4) Unarmed Combat
 - Level 6.6 Invocations


You had 11 spell levels left.
You didn't know any spells.

Dungeon Overview and Level Annotations

Branches:
Dungeon (10/15)            Temple (0/1) D:4            Lair (4/6) D:8
  Snake (0/4) Lair:4
  Swamp: Lair:2-4    Shoals: Lair:2-4       Orc: D:9-12

Altars:
Ashenzari
Elyvilon
Fedhas
Gozag
Hepliaklqana
Okawaru
Qazlal
Ru
Trog
Wu Jian
The Shining One

Shops:
D:4 ?   D:5 %   D:7 *

Annotations:
Lair:1 Sonja
Lair:4 Kirke


Innate Abilities, Weirdness & Mutations

You are too large for most types of armour.
((You have claws for hands.))
Your metabolism is lightning-fast.
You like to eat raw meat.
Your natural rate of healing is unusually fast.
((You are covered in fur. (AC +1)))
((You have very tough skin. (AC +2)))


Message History

The hog bites the fungus.
Okay, then.
Unknown command.
Okay, then.
Okay, then.
Unknown command.
The barbs in your skin will harm you if you move.
Continue?
Okay, then.
Unknown command.
Okay, then.
Unknown command.
Okay, then.
Unknown command.
Evoke which item? (* to show all) (? for menu, Esc to quit)
Okay, then.
Unknown command.
You feel better. The hog completely misses you.
The hog bites the fungus!
The lindwurm breathes flames at you. The blast of flame hits you!
You die...

#.....####.............#
#####.# #.............#
### ##............##
##.............#
##..............#
##...............#
##...H@..........##
#P...Hkh.........#
#...hhPh:........#
#.....##........##
#....#. #........#
.....## ##P...##..# ..(.
########## ... $..


You could see Kirke, a sphinx, a manticore, a lindwurm and 3 hogs.

Vanquished Creatures
  Josephine (Lair:4)
  Erica (D:8)
  A two-headed ogre (D:8)
  Pikel (D:8)
  4 elephants (Lair:2)
  2 black mambas (Lair:3)
  3 spiny frogs
  Joseph (D:8)
  4 komodo dragons
  3 meliai (Lair:4)
  2 trolls (D:9)
  A queen bee (Lair:4)
  3 blink frogs (Lair:3)
  4 dream sheep (Lair:4)
  Prince Ribbit (D:7)
  Grinder (D:5)
  6 hippogriffs
  A wyvern (Lair:1)
  5 wraiths (Lair:4)
  Eustachio (D:5)
  A human (D:7)
  11 yaks
  3 hogs (D:7)
  Menkaure (D:5)
  2 nagas (Lair:4)
  6 water moccasins
  Duvessa (D:7)
  5 porcupines
  3 ice beasts
  6 orc warriors
  A black bear (Lair:3)
  2 phantoms
  2 sky beasts
  4 ogres
  8 crocodiles
  13 wolves
  4 centaurs
  2 big kobolds
  17 bullfrogs
  Dowan (D:7)
  2 wyvern zombies
  4 scorpions
  30 killer bees
  5 wights (D:9)
  A howler monkey (D:7)
  A crimson imp (D:6)
  A bullfrog zombie (D:8)
  A quasit (D:7)
  2 jellies
  5 hounds
  3 bullfrog skeletons
  A gnoll shaman (D:5)
  3 orc priests
  Crazy Yiuf (D:5)
  A centaur skeleton (D:4)
  Ijyb (D:2)
  11 worker ants
  5 iguanas
  13 orc wizards
  A hound zombie (D:9)
  Robin (D:2)
  9 gnolls
  16 adders
  A shadow imp (D:6)
  3 oozes
  An adder zombie (D:6)
  2 adder skeletons
  2 worms (D:2)
  A dart slug (D:1)
  2 leopard geckos (D:6)
  28 orcs
  A ball python (D:4)
  4 giant cockroaches
  20 goblins
  13 hobgoblins
  2 jackals (D:7)
  6 quokkas
  3 bats
  2 frilled lizards
  A jackal zombie (D:6)
  11 kobolds
  A leopard gecko zombie (D:9)
  8 rats
369 creatures vanquished.

Vanquished Creatures (collateral kills)
  A blink frog (Lair:1)
1 creature vanquished.

Vanquished Creatures (others)
  A slave (D:8)
  An orc wizard (D:4)
  20 fungi
  3 plants
25 creatures vanquished.

Grand Total: 395 creatures vanquished

Notes
Turn   | Place    | Note
-------+----------+-------------------------------------------
     0 | D:1      | XomBae the Troll Monk began the quest for the Orb.
     0 | D:1      | Reached XP level 1. HP: 22/22 MP: 0/0
    99 | D:1      | Reached XP level 2. HP: 28/29 MP: 1/1
   915 | D:2      | Noticed Ijyb
   941 | D:2      | Killed Ijyb
   941 | D:2      | Reached skill level 4 in Unarmed Combat
   941 | D:2      | Reached XP level 3. HP: 27/36 MP: 2/2
  1099 | D:2      | Reached XP level 4. HP: 41/45 MP: 3/3
  1608 | D:2      | Noticed Robin
  1657 | D:2      | Reached skill level 5 in Unarmed Combat
  1660 | D:2      | Killed Robin
  1660 | D:2      | Reached XP level 5. HP: 38/53 MP: 4/4
  1816 | D:3      | Found an iron altar of Okawaru.
  2378 | D:3      | Found a blossoming altar of Fedhas.
  2383 | D:3      | Found a stormy altar of Qazlal.
  2384 | D:3      | Found a bloodstained altar of Trog.
  2384 | D:3      | Found an opulent altar of Gozag.
  2385 | D:3      | Found a shattered altar of Ashenzari.
  2386 | D:3      | Found a white marble altar of Elyvilon.
  2388 | D:3      | Found a hazy altar of Hepliaklqana.
  2403 | D:3      | Became a worshipper of Warmaster Okawaru
  2403 | D:3      | Reached * piety under Okawaru
  2403 | D:3      | Reached ** piety under Okawaru
  2482 | D:4      | Reached XP level 6. HP: 60/62 MP: 5/5
  2579 | D:4      | Reached skill level 6 in Unarmed Combat
  2628 | D:4      | Found Nausm's Magic Scroll Emporium.
  2636 | D:4      | Bought a scroll of teleportation for 42 gold pieces
  2636 | D:4      | Bought a scroll of enchant armour for 105 gold pieces
  2705 | D:4      | Reached skill level 1 in Invocations
  2763 | D:4      | Noticed an orc warrior
  2777 | D:4      | Killed an orc warrior
  3010 | D:4      | Found a staircase to the Ecumenical Temple.
  3056 | D:4      | Reached XP level 7. HP: 43/70 MP: 7/7
  3578 | D:5      | Entered Level 5 of the Dungeon
  3655 | D:5      | Noticed Eustachio
  3674 | D:5      | Killed Eustachio
  3674 | D:5      | Reached *** piety under Okawaru
  3674 | D:5      | Reached skill level 7 in Unarmed Combat
  3918 | D:5      | Got an ichor-stained hunting sling
  3976 | D:5      | Found a glowing golden altar of the Shining One.
  4013 | D:5      | Found an iron altar of Okawaru.
  4016 | D:5      | Noticed Menkaure
  4019 | D:5      | Killed Menkaure
  4109 | D:5      | Reached XP level 8. HP: 73/79 MP: 9/9
  4189 | D:5      | Noticed Grinder
  4196 | D:5      | Paralysed by Grinder for 3 turns
  4201 | D:5      | Killed Grinder
  4201 | D:5      | Reached skill level 8 in Unarmed Combat
  4262 | D:5      | Found a runed door.
  4275 | D:5      | Found Qogrowkeid's Food Shoppe.
  4538 | D:5      | Noticed Crazy Yiuf
  4540 | D:5      | Killed Crazy Yiuf
  4540 | D:5      | Reached skill level 5 in Fighting
  4558 | D:5      | Identified the +8 hunting sling of Defence {venom, rElec rF- rC+++ Dex-3} (You found it on level 5 of the Dungeon)
  4839 | D:6      | Reached **** piety under Okawaru
  4845 | D:6      | Reached skill level 9 in Unarmed Combat
  4979 | D:6      | Reached XP level 9. HP: 33/89 MP: 9/11
  5434 | D:7      | Found Keman's Elemental Accessories.
  5543 | D:7      | Reached skill level 10 in Unarmed Combat
  5543 | D:7      | Reached skill level 5 in Invocations
  5548 | D:7      | HP: 4/89 [hog (10)]
  5674 | D:7      | Noticed Duvessa
  5675 | D:7      | Noticed Dowan
  5683 | D:7      | Killed Duvessa
  5686 | D:7      | Killed Dowan
  5824 | D:7      | Noticed Prince Ribbit
  5833 | D:7      | Killed Prince Ribbit
  5833 | D:7      | Reached ***** piety under Okawaru
  6135 | D:8      | Noticed Erica
  6144 | D:8      | Reached XP level 10. HP: 74/100 MP: 10/13
  6180 | D:8      | Noticed Joseph
  6202 | D:8      | Reached skill level 11 in Unarmed Combat
  6209 | D:8      | Killed Joseph
  6222 | D:8      | Received a gift from Okawaru
  6394 | D:8      | Noticed Pikel
  6402 | D:8      | Killed Pikel
  6419 | D:8      | Found a staircase to the Lair.
  6507 | D:8      | Killed Erica
  6507 | D:8      | Reached skill level 1 in Shields
  6582 | D:8      | Reached skill level 12 in Unarmed Combat
  6870 | D:8      | Noticed a two-headed ogre
  6876 | D:8      | Killed a two-headed ogre
  6876 | D:8      | Reached XP level 11. HP: 61/110 MP: 11/14
  7216 | D:9      | Found a sacrificial altar of Ru.
  7658 | D:9      | Received a gift from Okawaru
  7864 | D:9      | Found an ornate altar of the Wu Jian Council.
  8118 | D:10     | Entered Level 10 of the Dungeon
  8125 | D:10     | Noticed a centaur warrior
  8125 | D:10     | Noticed a deep elf mage
  8125 | D:10     | Noticed a centaur warrior
  8127 | D:10     | Noticed a deep elf mage
  8127 | D:10     | Noticed an ogre mage
  8127 | D:10     | Noticed a two-headed ogre
  8127 | D:10     | Noticed an ogre mage
  8128 | D:10     | Noticed a centaur warrior
  8239 | Lair:1   | Entered Level 1 of the Lair of Beasts
  8382 | Lair:1   | Reached skill level 13 in Unarmed Combat
  8585 | Lair:1   | Noticed Sonja
  8601 | Lair:1   | Noticed a four-headed hydra
  9327 | Lair:2   | Received a gift from Okawaru
 10061 | Lair:2   | You fall through a shaft!
 10068 | Lair:3   | Reached skill level 5 in Shields
 10071 | Lair:3   | Reached XP level 12. HP: 57/123 MP: 15/15
 10675 | Lair:3   | Reached skill level 14 in Unarmed Combat
 11143 | Lair:4   | Noticed Josephine
 11156 | Lair:4   | Killed Josephine
 11221 | Lair:4   | HP: 1/126 [meliai/divine providence (13)]
 11723 | Lair:4   | Reached skill level 10 in Fighting
 11753 | Lair:4   | Found a staircase to the Snake Pit.
 12166 | Lair:4   | Noticed Kirke
 12172 | Lair:4   | Noticed a sphinx
 12182 | Lair:4   | HP: 2/126 [manticore/volley of spikes[Kirke] (17)]
 12183 | Lair:4   | Killed from afar by a lindwurm

Skill      XL: |  1  2  3  4  5  6  7  8  9 10 11 12 |
---------------+-------------------------------------+-----
Unarmed Combat | 4 5 6 7 9 10 12 13 14 | 14.4
Fighting       | 3 4 5 6 7 9 10 | 10.0
Invocations    | 1 3 4 5 6 |  6.6
Shields        | 2 5 6 |  6.8
Dodging        | |  2.4
Stealth        | |  1.0

Action                   |  1- 3 |  4- 6 |  7- 9 | 10-12 || total
-------------------------+-------+-------+-------+-------++-------
Melee: Unarmed           |    57 |   199 |   240 |   644 ||  1140
       Punch             |     2 |     7 |    12 |     3 ||    24
 Fire: Hunting sling     |       |       |       |     3 ||     3
Invok: Heroism           |       |       |    13 |    29 ||    42
       Finesse           |       |       |       |     3 ||     3
Evoke: Wand              |       |       |       |     5 ||     5
  Use: Potion            |       |     4 |     3 |     8 ||    15
       Scroll            |       |       |    13 |    10 ||    23
 Stab: Sleeping          |       |       |     1 |     3 ||     4
  Eat: Chunk             |     4 |    24 |    22 |    48 ||    98
       Ration            |     1 |       |       |     2 ||     3
Armor: Robe              |    16 |    60 |    92 |   201 ||   369
       Skin              |       |    31 |       |       ||    31
Dodge: Dodged            |    20 |   110 |   169 |   300 ||   599
Block: Shield            |       |       |       |   319 ||   319
